 Dungeon Crawl Stone Soup version 0.23.2-40-g277498a001 (webtiles) character file.

Game seed: 440132087996030705

132 MalarOregon the Skirmisher (level 4, -1/40 HPs)
             Began as a Draconian Abyssal Knight on Sept 20, 2019.
             Was a Believer of Lugonu.
             Killed from afar by an orc wizard (10 damage)
             ... with a puff of flame
             ... on level 3 of the Dungeon.
             The game lasted 00:02:32 (1999 turns).

MalarOregon the Skirmisher (DrAK)                   Turns: 1999, Time: 00:02:33

Health: -1/40      AC:  5    Str: 14    XL:     4   Next: 92%
Magic:  6/6        EV: 13    Int: 12    God:    Lugonu [**....]
Gold:   49         SH:  0    Dex: 12    Spells: 3/3 levels left

rFire    . . .     SeeInvis .   a - +1 falchion
rCold    . . .     Gourm    .   (no shield)
rNeg     + . .     Faith    .   (armour unavailable)
rPois    .         Spirit   .   (helmet restricted)
rElec    .         Reflect  .   (no cloak)
rCorr    .         Harm     .   (no gloves)
MR       .....                  (no boots)
Stlth    +.........             (no amulet)
HPRegen  0.13/turn              c - ring of positive energy
MPRegen  0.10/turn              (no ring)

@: no status effects
A: unfitting armour, cold-blooded, AC +5
a: Depart the Abyss, Bend Space, Renounce Religion


You were on level 3 of the Dungeon.
You worshipped Lugonu.
Lugonu was pleased with you.
You were not hungry.

You visited 1 branch of the dungeon, and saw 3 of its levels.
You visited the Abyss 1 time.

You collected 139 gold pieces.
You spent 90 gold pieces at shops.

Inventory:

Hand Weapons
 a - a +1 falchion (weapon)
Jewellery
 c - a ring of positive energy (left hand)
   (You found it on level 1 of the Dungeon)
Wands
 x - a wand of acid (9)
   (You found it on level 3 of the Dungeon)
Scrolls
 d - 2 scrolls of remove curse {unknown}
 g - 6 scrolls of identify {unknown}
 i - a scroll of immolation {unknown}
 j - a scroll of blinking {unknown}
 l - 4 scrolls of fog {unknown}
 o - a scroll of fear {unknown}
 p - 3 scrolls of teleportation {unknown}
 q - 2 scrolls of magic mapping {unknown}
Potions
 b - 4 potions of curing {@q1}
 f - a potion of flight {unknown}
 k - 2 potions of degeneration {unknown}
 m - a potion of mutation {unknown}
 n - a potion of lignification {unknown}
 r - a potion of agility {unknown}
Comestibles
 e - 8 rations {!d}
 h - 19 chunks of flesh


   Skills:
 + Level 4.0 Fighting
 * Level 3.6 Long Blades
 + Level 2.8 Dodging
 + Level 3.0 Invocations


You had 3 spell levels left.
You didn't know any spells.
Your spell library contained the following spells:

 Spells                   Type           Power        Failure   Level  Hunger
 Confusing Touch          Hex            #.....       32%         1    ##.....
 Confuse                  Hex            #.......     69%         3    ####...
 Gell's Gravitas          Tloc           #.........   69%         3    ####...
 Petrify                  Tmut/Erth      #.......     97%         4    #####..
 Metabolic Englaciation   Hex/Ice        #.........   100%        5    ######.
 Yara's Violent Unravell  Hex/Tmut       #.........   100%        5    ######.


Dungeon Overview and Level Annotations

Branches:
Dungeon (3/15)

Altars:
Ashenzari
Uskayaw
Zin

Annotations:
D:2 1 runed translucent door, Crazy Yiuf


Innate Abilities, Weirdness & Mutations

Your plain brown scales are hard. (AC +5)
You cannot fit into any form of body armour.
You are cold-blooded and may be slowed by cold attacks.


Message History

You hit the orc.
You kill the orc!
Lugonu accepts your kill.
You closely miss the orc.
Your tail-slap misses the orc.
The orc hits you with a +0 dagger.
You hit the orc wizard but do no damage.
The orc hits you with a +0 hand axe.
The orc wizard hits you but does no damage.
You barely miss the orc wizard. The orc hits you with a +0 hand axe!
The orc wizard gestures at you while chanting.
The puff of frost hits you!
* * * LOW HITPOINT WARNING * * *
You hit the orc. The orc barely misses you.
The orc wizard hits you but does no damage.
You closely miss the orc.
Your tail-slap misses the orc.
The orc wizard looks encouraged for a moment.
The orc hits you with a +0 dagger.
* * * LOW HITPOINT WARNING * * *
The orc closely misses you.
The orc wizard gestures wildly while chanting.
The orc wizard seems to speed up.
The phantom blinks!
You hit the orc. The orc completely misses you.
You riposte.
You hit the orc.
You kill the orc!
Lugonu accepts your kill.
You hit the rat.
You kill the rat!
Lugonu accepts your kill.
The orc wizard gestures wildly while chanting.
The orc wizard flickers and vanishes!
Deactivating autopickup; reactivate with Ctrl-A.
The orc hits you with a +0 hand axe.
* * * LOW HITPOINT WARNING * * *
You hit the orc.
Unknown command.
You start resting.
You hear some strange, mumbled words.
The orc wizard is too close now for your liking.
You hit something. Something hits you but does no damage. Something hits you.
* * * LOW HITPOINT WARNING * * *
You barely miss something. Something hits you but does no damage.
Something hits you but does no damage.
Unknown command.
You miss something. The orc wizard casts a spell at you.
The puff of flame hits you!
You die...

.# #..###..#.#
.# #.......#.##
. ..##.......#
.### ##.#)##.#
... #.#o# # ..#
#.o.# ..# #)###
..##### #o####.#
......# #o{@...#
..###.# #.######
..###.# #.#
...##.########.#
##.##.#......#.#
......#.####.#.#
.#.##.#.##.....#
.#.......)(#.###
.####.#.####.#


You could see an orc wizard and an orc.

Vanquished Creatures
  An orc priest (D:3)
  2 adders
  A worm (D:2)
  A dart slug (D:2)
  5 leopard geckos
  10 orcs (D:3)
  3 giant cockroaches (D:2)
  4 goblins
  3 hobgoblins
  8 jackals
  2 quokkas
  2 bats (D:2)
  4 frilled lizards
  8 kobolds
  8 rats
62 creatures vanquished.

Notes
Turn   | Place    | Note
-------+----------+-------------------------------------------
     0 | Abyss:1  | MalarOregon the Draconian Abyssal Knight began the quest
                  | for the Orb.
     0 | Abyss:1  | Reached XP level 1. HP: 19/19 MP: 2/2
    30 | D:1      | Escaped the Abyss
   292 | D:1      | Reached * piety under Lugonu
   292 | D:1      | Reached XP level 2. HP: 21/26 MP: 3/3
   636 | D:2      | Reached XP level 3. HP: 21/31 MP: 4/4
   759 | D:2      | Found a hide-covered altar of Uskayaw.
  1035 | D:2      | Found a runed translucent door.
  1036 | D:2      | Noticed Crazy Yiuf
  1167 | D:2      | Reached ** piety under Lugonu
  1356 | D:3      | Found Zin's Purification Station.
  1356 | D:3      | Found a glowing silver altar of Zin.
  1364 | D:3      | Bought a potion of curing for 90 gold pieces
  1571 | D:3      | Reached XP level 4. HP: 35/40 MP: 6/6
  1938 | D:3      | Reached skill level 4 in Fighting
  1973 | D:3      | Found a shattered altar of Ashenzari.
  1974 | D:3      | Noticed a phantom
  1999 | D:3      | Killed from afar by an orc wizard

Skill      XL: |  1  2  3  4 |
---------------+-------------+-----
Long Blades    | 3 |  3.6
Fighting       | 4 |  4.0
Invocations    | 3 |  3.0
Dodging        | |  2.8

Action                   |  1- 3 |  4- 6 || total
-------------------------+-------+-------++-------
Melee: Falchion          |   104 |    56 ||   160
       Tailslap          |    14 |     7 ||    21
Invok: Depart the Abyss  |     1 |       ||     1
 Stab: Sleeping          |     3 |       ||     3
  Eat: Chunk             |     2 |     2 ||     4
Armor: Skin              |    47 |    15 ||    62
Dodge: Dodged            |    81 |    40 ||   121
       Rpst.: Falchion   |    25 |    10 ||    35
